[ AOE2 MATCH · #507858300 ]
UnrankedCumans vs Bohemians
Player's team · WIN
Rival team · LOSS
[ REPLAY ANALYSIS · EXTRACTED FROM THE RECORDED GAME ]
Feudal
8:27
Castle
19:53
Imperial
41:25
| APM avg | 65.8 |
| APM peak | 94 |
| eAPM avg | 33.8 |
| Villagers / military | 183 / 213 |
Focus
⚔️ 44.5% · 🌾 55.5%
Kipchak ×67 · Knight ×64 · Scout Cavalry ×54 · Mangonel ×10 · Trebuchet (Packed) ×5 · Spearman ×4
Feudal
14:04
Castle
18:35
Imperial
44:20
| APM avg | 62.3 |
| APM peak | 87 |
| eAPM avg | 30.1 |
| Villagers / military | 188 / 164 |
Focus
⚔️ 36.6% · 🌾 63.4%
Spearman ×74 · Hussite Wagon ×44 · Monk ×28 · Skirmisher ×11 · Bombard Cannon ×4 · Militia ×3
Match map
Initial resources + every placement click. Lines = walls · curves = elevation contours. ◆ gold · ⬟ stone · ● berries · ✦ relic · ◌ wall gap
Your base· Open — opponent sealed themselves in
Gabi's base· ✓ Closed at 18:35 · 58t walls · 1 gate(s)
Smoothed initial terrain · ◌ = detected wall gap · hover for details
Inputs per minute
— DS_Larry mi Goat - - Gabi
Build order — DS_Larry mi Goat
First 150 of 619 actions detected
| 0:01 | Queue | Villager (Male) |
| 0:01 | Queue | Villager (Male) |
| 0:02 | Build | House |
| 0:03 | Build | House |
| 0:11 | Queue | Villager (Male) |
| 0:12 | Queue | Villager (Male) |
| 1:29 | Queue | Villager (Male) |
| 1:29 | Queue | Villager (Male) |
| 1:49 | Queue | Villager (Male) |
| 1:49 | Queue | Villager (Male) |
| 2:07 | Build | Lumber Camp |
| 2:21 | Queue | Villager (Male) |
| 2:21 | Queue | Villager (Male) |
| 2:44 | Queue | Villager (Male) |
| 2:44 | Queue | Villager (Male) |
| 3:01 | Queue | Villager (Male) |
| 3:02 | Queue | Villager (Male) |
| 3:40 | Queue | Villager (Male) |
| 3:40 | Queue | Villager (Male) |
| 3:50 | Queue | Villager (Male) |
| 3:50 | Queue | Villager (Male) |
| 3:56 | Build | House |
| 4:01 | Queue | Villager (Male) |
| 5:01 | Queue | Villager (Male) |
| 5:03 | Queue | Villager (Male) |
| 5:06 | Queue | Villager (Male) |
| 5:17 | Build | Mill |
| 5:41 | Research | Loom |
| 6:16 | Research | Feudal Age |
| 6:16 | Research | Feudal Age |
| 7:12 | Build | House |
| 7:25 | Build | Palisade Wall |
| 7:26 | Build | Palisade Wall |
| 7:36 | Build | Palisade Wall |
| 7:38 | Build | Palisade Wall |
| 7:39 | Build | Palisade Wall |
| 7:41 | Build | Palisade Wall |
| 7:46 | Queue | Villager (Male) |
| 7:47 | Build | Palisade Wall |
| 7:48 | Build | Palisade Wall |
| 7:49 | Build | Palisade Wall |
| 8:04 | Build | Palisade Wall |
| 8:10 | Build | Palisade Wall |
| 8:11 | Build | Palisade Wall |
| 8:20 | Build | Barracks |
| 8:27 | Age | Feudal Age |
| 8:29 | Queue | Villager (Male) |
| 8:45 | Research | Double-Bit Axe |
| 9:00 | Build | Stable |
| 9:05 | Queue | Villager (Male) |
| 9:10 | Queue | Villager (Male) |
| 9:29 | Build | House |
| 9:35 | Queue | Scout Cavalry |
| 9:35 | Queue | Scout Cavalry |
| 9:35 | Queue | Scout Cavalry |
| 9:57 | Queue | Villager (Male) |
| 10:03 | Build | House |
| 10:16 | Queue | Scout Cavalry |
| 10:19 | Build | Farm |
| 10:20 | Build | Farm |
| 10:31 | Build | Farm |
| 10:35 | Queue | Villager (Male) |
| 10:35 | Queue | Villager (Male) |
| 10:37 | Build | Farm |
| 11:05 | Queue | Villager (Male) |
| 11:06 | Queue | Villager (Male) |
| 11:09 | Build | Farm |
| 11:24 | Build | Farm |
| 11:32 | Queue | Villager (Male) |
| 11:32 | Queue | Villager (Male) |
| 11:42 | Build | Farm |
| 11:59 | Queue | Scout Cavalry |
| 12:02 | Queue | Villager (Male) |
| 12:11 | Queue | Villager (Male) |
| 12:11 | Queue | Villager (Male) |
| 12:44 | Build | House |
| 12:57 | Build | Farm |
| 13:26 | Build | Town Center |
| 13:27 | Queue | Villager (Male) |
| 13:27 | Queue | Villager (Male) |
| 13:28 | Queue | Villager (Male) |
| 13:34 | Queue | Villager (Male) |
| 14:00 | Build | Farm |
| 14:02 | Research | Horse Collar |
| 14:02 | Research | Horse Collar |
| 14:22 | Queue | Villager (Male) |
| 14:46 | Build | Mining Camp |
| 14:52 | Queue | Villager (Male) |
| 15:27 | Queue | Villager (Male) |
| 15:32 | Build | Market |
| 15:35 | Queue | Spearman |
| 15:39 | Queue | Villager (Male) |
| 15:44 | Build | Farm |
| 15:50 | Queue | Villager (Male) |
| 16:09 | Queue | Villager (Male) |
| 16:14 | Build | House |
| 16:16 | Queue | Villager (Male) |
| 16:21 | Build | Farm |
| 16:35 | Build | House |
| 16:52 | Build | Stable |
| 16:56 | Build | Palisade Wall |
| 16:59 | Build | Palisade Wall |
| 17:09 | Research | Wheelbarrow |
| 17:09 | Research | Castle Age |
| 17:10 | Queue | Villager (Male) |
| 17:10 | Queue | Villager (Male) |
| 17:10 | Queue | Villager (Male) |
| 17:13 | Research | Castle Age |
| 17:31 | Queue | Spearman |
| 17:36 | Build | Farm |
| 17:37 | Build | Farm |
| 17:41 | Queue | Villager (Male) |
| 17:41 | Queue | Villager (Male) |
| 17:50 | Queue | Villager (Male) |
| 17:54 | Build | Farm |
| 18:07 | Queue | Villager (Male) |
| 18:07 | Queue | Villager (Male) |
| 18:09 | Build | Blacksmith |
| 18:15 | Queue | Villager (Male) |
| 18:24 | Queue | Villager (Male) |
| 18:28 | Build | House |
| 18:33 | Queue | Scout Cavalry |
| 18:43 | Queue | Villager (Male) |
| 18:43 | Queue | Villager (Male) |
| 18:45 | Build | House |
| 18:49 | Build | Palisade Wall |
| 19:10 | Build | House |
| 19:19 | Queue | Spearman |
| 19:29 | Research | Bloodlines |
| 19:45 | Build | House |
| 19:46 | Build | House |
| 19:49 | Queue | Spearman |
| 19:53 | Age | Castle Age |
| 20:00 | Queue | Villager (Male) |
| 20:03 | Queue | Steppe Lancer |
| 20:03 | Queue | Steppe Lancer |
| 20:03 | Queue | Steppe Lancer |
| 20:07 | Queue | Villager (Male) |
| 20:08 | Build | Farm |
| 20:19 | Queue | Steppe Lancer |
| 20:41 | Build | Farm |
| 20:42 | Build | Farm |
| 20:42 | Queue | Villager (Male) |
| 20:44 | Queue | Knight |
| 21:01 | Build | Farm |
| 21:02 | Build | Farm |
| 21:11 | Queue | Villager (Male) |
| 21:11 | Queue | Villager (Male) |
| 21:16 | Build | House |
| 21:16 | Queue | Villager (Male) |
Build order — Gabi
First 150 of 579 actions detected
| 0:01 | Queue | Villager (Male) |
| 0:01 | Queue | Villager (Male) |
| 0:02 | Build | House |
| 0:03 | Build | House |
| 0:19 | Queue | Villager (Male) |
| 0:50 | Queue | Villager (Male) |
| 0:51 | Queue | Villager (Male) |
| 1:29 | Queue | Villager (Male) |
| 1:29 | Queue | Villager (Male) |
| 1:58 | Queue | Villager (Male) |
| 2:24 | Queue | Villager (Male) |
| 2:39 | Build | Barracks |
| 2:54 | Queue | Villager (Male) |
| 3:19 | Queue | Villager (Male) |
| 3:33 | Build | House |
| 3:37 | Queue | Militia |
| 3:39 | Research | Loom |
| 3:47 | Queue | Militia |
| 4:05 | Queue | Villager (Male) |
| 4:15 | Queue | Militia |
| 4:27 | Build | House |
| 4:31 | Queue | Villager (Male) |
| 5:03 | Queue | Villager (Male) |
| 5:07 | Build | Palisade Wall |
| 5:14 | Queue | Villager (Male) |
| 5:43 | Queue | Villager (Male) |
| 6:14 | Build | Lumber Camp |
| 6:26 | Queue | Villager (Male) |
| 6:40 | Queue | Villager (Male) |
| 6:46 | Queue | Villager (Male) |
| 6:50 | Build | House |
| 6:58 | Queue | Villager (Male) |
| 7:02 | Build | Palisade Wall |
| 7:20 | Queue | Villager (Male) |
| 7:31 | Queue | Villager (Male) |
| 7:39 | Build | Palisade Wall |
| 7:47 | Build | Palisade Wall |
| 7:50 | Build | Palisade Wall |
| 7:59 | Build | Palisade Wall |
| 8:20 | Build | Mill |
| 8:25 | Queue | Villager (Male) |
| 8:44 | Build | House |
| 8:50 | Build | Palisade Wall |
| 8:53 | Queue | Villager (Male) |
| 8:55 | Build | Palisade Wall |
| 9:10 | Build | Palisade Wall |
| 9:11 | Build | Palisade Wall |
| 9:14 | Queue | Villager (Male) |
| 9:29 | Build | Palisade Wall |
| 9:37 | Queue | Villager (Male) |
| 9:47 | Build | Farm |
| 9:50 | Build | Farm |
| 10:05 | Build | House |
| 10:12 | Queue | Villager (Male) |
| 10:45 | Build | Palisade Wall |
| 10:50 | Build | Palisade Wall |
| 10:52 | Build | Palisade Wall |
| 10:55 | Build | Palisade Wall |
| 10:57 | Build | Palisade Wall |
| 11:03 | Build | House |
| 11:04 | Queue | Villager (Male) |
| 11:13 | Queue | Villager (Male) |
| 11:16 | Queue | Villager (Male) |
| 11:26 | Build | Palisade Wall |
| 11:29 | Queue | Villager (Male) |
| 11:46 | Research | Feudal Age |
| 11:47 | Research | Feudal Age |
| 12:02 | Build | Mining Camp |
| 12:33 | Build | Farm |
| 13:09 | Build | House |
| 13:57 | Queue | Villager (Male) |
| 14:04 | Age | Feudal Age |
| 14:14 | Queue | Villager (Male) |
| 14:16 | Build | Market |
| 14:49 | Queue | Villager (Male) |
| 14:50 | Queue | Spearman |
| 15:12 | Build | Blacksmith |
| 15:22 | Queue | Villager (Male) |
| 15:39 | Build | Mining Camp |
| 15:55 | Research | Castle Age |
| 15:55 | Research | Castle Age |
| 15:58 | Build | Gate |
| 16:12 | Research | Double-Bit Axe |
| 16:20 | Build | Palisade Wall |
| 16:24 | Build | Palisade Wall |
| 16:26 | Build | Palisade Wall |
| 16:43 | Queue | Spearman |
| 17:17 | Queue | Spearman |
| 17:24 | Queue | Spearman |
| 18:28 | Build | Farm |
| 18:34 | Build | Farm |
| 18:35 | Age | Castle Age |
| 18:37 | Queue | Villager (Male) |
| 18:42 | Build | Palisade Wall |
| 18:45 | Build | Monastery |
| 18:50 | Queue | Villager (Male) |
| 19:07 | Queue | Villager (Male) |
| 19:22 | Build | Castle |
| 19:29 | Research | Sanctity |
| 19:31 | Queue | Villager (Male) |
| 20:17 | Queue | Villager (Male) |
| 20:22 | Queue | Monk |
| 20:39 | Queue | Villager (Male) |
| 20:40 | Build | Farm |
| 20:44 | Queue | Hussite Wagon |
| 20:47 | Build | Farm |
| 21:00 | Build | Town Center |
| 21:09 | Queue | Hussite Wagon |
| 21:09 | Queue | Hussite Wagon |
| 21:10 | Queue | Villager (Male) |
| 21:41 | Queue | Spearman |
| 21:46 | Build | House |
| 21:48 | Queue | Monk |
| 22:08 | Build | House |
| 22:13 | Queue | Villager (Male) |
| 22:14 | Research | Fervor |
| 22:23 | Queue | Villager (Male) |
| 22:24 | Build | House |
| 22:29 | Queue | Hussite Wagon |
| 22:29 | Queue | Hussite Wagon |
| 22:38 | Build | House |
| 22:49 | Queue | Villager (Male) |
| 22:57 | Queue | Monk |
| 23:10 | Queue | Hussite Wagon |
| 23:10 | Queue | Hussite Wagon |
| 23:22 | Queue | Villager (Male) |
| 23:48 | Queue | Villager (Male) |
| 23:48 | Queue | Villager (Male) |
| 23:54 | Build | Monastery |
| 23:59 | Queue | Hussite Wagon |
| 23:59 | Queue | Hussite Wagon |
| 24:21 | Queue | Villager (Male) |
| 24:24 | Build | Monastery |
| 24:36 | Research | Redemption |
| 24:39 | Build | Lumber Camp |
| 24:45 | Queue | Hussite Wagon |
| 24:45 | Queue | Hussite Wagon |
| 24:51 | Queue | Villager (Male) |
| 25:09 | Queue | Monk |
| 25:15 | Queue | Monk |
| 25:18 | Queue | Hussite Wagon |
| 25:19 | Queue | Villager (Male) |
| 25:21 | Build | House |
| 25:34 | Research | Town Watch |
| 25:34 | Research | Town Watch |
| 25:35 | Queue | Villager (Male) |
| 25:41 | Queue | Hussite Wagon |
| 25:41 | Queue | Hussite Wagon |
| 25:47 | Queue | Hussite Wagon |
| 26:12 | Queue | Villager (Male) |
Match timeline
| 2:39 | Gabi · first_building Barracks |
| 5:07 | Gabi · wall_segment Palisade Wall x2 |
| 7:02 | Gabi · wall_segment Palisade Wall x13 |
| 7:25 | DS_Larry mi Goat · wall_segment Palisade Wall x1 |
| 7:26 | DS_Larry mi Goat · wall_segment Palisade Wall x1 |
| 7:36 | DS_Larry mi Goat · wall_segment Palisade Wall x2 |
| 7:38 | DS_Larry mi Goat · wall_segment Palisade Wall x1 |
| 7:39 | Gabi · wall_segment Palisade Wall x2 |
| 7:39 | DS_Larry mi Goat · wall_segment Palisade Wall x1 |
| 7:41 | DS_Larry mi Goat · wall_segment Palisade Wall x1 |
| 7:47 | Gabi · wall_segment Palisade Wall x6 |
| 7:47 | DS_Larry mi Goat · wall_segment Palisade Wall x1 |
| 7:48 | DS_Larry mi Goat · wall_segment Palisade Wall x1 |
| 7:49 | DS_Larry mi Goat · wall_segment Palisade Wall x1 |
| 7:50 | Gabi · wall_segment Palisade Wall x6 |
| 7:59 | Gabi · wall_segment Palisade Wall x1 |
| 8:04 | DS_Larry mi Goat · wall_segment Palisade Wall x1 |
| 8:10 | DS_Larry mi Goat · wall_segment Palisade Wall x1 |
| 8:11 | DS_Larry mi Goat · wall_segment Palisade Wall x1 |
| 8:20 | DS_Larry mi Goat · first_building Barracks |
| 8:27 | DS_Larry mi Goat · age_up feudal |
| 8:50 | Gabi · wall_segment Palisade Wall x4 |
| 8:55 | Gabi · wall_segment Palisade Wall x5 |
| 9:00 | DS_Larry mi Goat · first_building Stable |
| 9:10 | Gabi · wall_segment Palisade Wall x2 |
| 9:11 | Gabi · wall_segment Palisade Wall x2 |
| 9:29 | Gabi · wall_segment Palisade Wall x2 |
| 10:45 | Gabi · wall_segment Palisade Wall x5 |
| 10:50 | Gabi · wall_segment Palisade Wall x1 |
| 10:52 | Gabi · wall_segment Palisade Wall x1 |
| 10:55 | Gabi · wall_segment Palisade Wall x1 |
| 10:57 | Gabi · wall_segment Palisade Wall x1 |
| 11:26 | Gabi · wall_segment Palisade Wall x1 |
| 14:04 | Gabi · age_up feudal |
| 15:30 | Gabi · first_market_sell 100 stone |
| 15:31 | Gabi · first_market_buy 100 food |
| 16:20 | Gabi · wall_segment Palisade Wall x1 |
| 16:24 | Gabi · wall_segment Palisade Wall x1 |
| 16:26 | Gabi · wall_segment Palisade Wall x2 |
| 16:30 | DS_Larry mi Goat · first_market_sell 100 stone |
| 16:56 | DS_Larry mi Goat · wall_segment Palisade Wall x11 |
| 16:59 | DS_Larry mi Goat · wall_segment Palisade Wall x4 |
| 18:07 | DS_Larry mi Goat · first_market_buy 100 wood |
| 18:35 | Gabi · age_up castle |
| 18:42 | Gabi · wall_segment Palisade Wall x3 |
| 18:45 | Gabi · first_building Monastery |
| 18:49 | DS_Larry mi Goat · wall_segment Palisade Wall x1 |
| 19:22 | Gabi · first_building Castle |
| 19:53 | DS_Larry mi Goat · age_up castle |
| 21:34 | DS_Larry mi Goat · first_building Siege Workshop |
| 27:40 | DS_Larry mi Goat · first_building Castle |
| 29:16 | Gabi · wall_segment Palisade Wall x1 |
| 30:29 | Gabi · wall_segment Stone Wall x1 |
| 31:19 | Gabi · wall_segment Stone Wall x1 |
| 35:58 | DS_Larry mi Goat · first_building Monastery |
| 39:44 | Gabi · wall_segment Stone Wall x1 |
| 40:39 | Gabi · wall_segment Stone Wall x4 |
| 40:47 | Gabi · wall_segment Stone Wall x18 |
| 41:25 | DS_Larry mi Goat · age_up imperial |
| 42:03 | Gabi · first_building Siege Workshop |
| 42:10 | Gabi · wall_segment Stone Wall x5 |
| 42:26 | Gabi · wall_segment Stone Wall x1 |
| 42:30 | Gabi · wall_segment Stone Wall x15 |
| 42:40 | Gabi · wall_segment Stone Wall x7 |
| 42:58 | Gabi · wall_segment Stone Wall x10 |
| 43:22 | DS_Larry mi Goat · first_building Archery Range |
| 43:28 | Gabi · wall_segment Stone Wall x6 |
| 44:20 | Gabi · age_up imperial |
| 44:27 | Gabi · wall_segment Stone Wall x1 |
| 45:07 | Gabi · first_building Archery Range |
| 47:59 | Gabi · wall_segment Stone Wall x1 |
| 50:04 | Gabi · resign |
[ AI ANALYSIS · 1 CREDIT ]
What really happened in this match?
Wolo.gg analyzes every decision: build order, eco, micro, common mistakes by bracket. Personalized analysis on WhatsApp or Discord in 30 seconds.
Civ guide
Cumans
Perfil
Jugador #2821779